 Dungeon Crawl Stone Soup version 0.26-a0-612-gd4d190f45e (webtiles) character file.

Game seed: 5545471282084242329

475 Descartes the Covert (level 6, 0/28 HPs)
             Began as a Felid Delver on Sept 9, 2020.
             Slain by a gnoll sergeant
             ... wielding a cursed +0 spear
              (2 damage)
             ... on level 6 of the Dungeon.
             The game lasted 00:10:34 (10620 turns).

Descartes the Covert (Felid Delver)                Turns: 10620, Time: 00:10:35

Health: 0/28       AC:  2    Str: 10    XL:     6   Next: 84%
Magic:  7/7        EV: 23    Int: 11    God:
Gold:   176        SH:  0    Dex: 24    Spells: 5/5 levels left
                                        Lives:  0   Deaths: 2

rFire    . . .     SeeInvis +     - Unarmed
rCold    . . .     Faith    .   (shield unavailable)
rNeg     . . .     Spirit   .   (armour unavailable)
rPois    .         Reflect  .   (helmet unavailable)
rElec    .         Harm     .   (cloak unavailable)
rCorr    .                      (gloves unavailable)
MR       .....                  (boots unavailable)
Stlth    +++++.....             (no amulet)
HPRegen  0.09/turn              s - +6 ring of dexterity
MPRegen  0.10/turn              (no ring)

@: quick
A: very small, no armour, no weapons or thrown items, stealth, claws 1, fangs 3,
see invisible, speed 1, shaggy fur 2, sharp paws
a: no special abilities


You were on level 6 of the Dungeon.
You visited 2 branches of the dungeon, and saw 7 of its levels.

You collected 176 gold pieces.

Inventory:

Missiles
 j - 13 arrows
 m - 259 stones
Jewellery
 o - an uncursed ring of magical power {unknown}
 s - a +6 ring of dexterity (left paw)
Wands
 e - a wand of digging (11)
Scrolls
 a - 4 scrolls of fog
 b - 2 scrolls of magic mapping
 c - 2 scrolls of fear
 g - 3 scrolls of teleportation
 h - 2 scrolls of enchant weapon {unknown}
 i - 2 scrolls of remove curse
 l - 2 scrolls of amnesia {unknown}
 u - 2 scrolls of blinking {unknown}
 v - a scroll of immolation {unknown}
 y - a scroll of noise {unknown}
Potions
 d - 4 potions of curing
 f - 2 potions of lignification
 k - a potion of heal wounds
 n - 2 potions of might
 p - a potion of cancellation {unknown}
 q - 3 potions of flight {unknown}
 r - a potion of stabbing {unknown}
 t - a potion of resistance {unknown}
 w - 2 potions of haste
 x - a potion of magic {unknown}


   Skills:
 - Level 3.0 Fighting
 + Level 6.1 Dodging
 - Level 10.0 Stealth
 * Level 6.3 Unarmed Combat


You had 5 spell levels left.
You didn't know any spells.
Your spell library contained the following spells:

 Spells                   Type           Power        Failure   Level
 Animate Skeleton         Necr           #.....       34%         1
 Apportation              Tloc           #.....       34%         1
 Corona                   Hex            #......      34%         1
 Summon Small Mammal      Summ           #...         34%         1


Dungeon Overview and Level Annotations

Branches:
Dungeon (6/15)             Temple (1/1) D:6

Altars:
Ashenzari
Cheibriados
Dithmenos
Elyvilon
Fedhas
Gozag
Hepliaklqana
Kikubaaqudgha
Makhleb
Nemelex Xobeh
Okawaru
Ru
Sif Muna
Trog
Uskayaw
Vehumet
Wu Jian
Xom
Yredelemnul
Zin
The Shining One


Innate Abilities, Weirdness & Mutations

You cannot wear armour.
You are incapable of wielding weapons or throwing items.
Your paws allow you to move quietly. (Stealth)
You have sharp claws.
You have razor-sharp teeth.
You have supernaturally acute eyesight. (SInv)
You cover ground quickly.
You are covered in thick fur. (AC +2)
Your sharp claws are effective at attacking unaware monsters.


Message History

The orc wizard is moderately wounded.
The orc wizard completely misses you.
You scratch the orc wizard.
The orc wizard is heavily wounded.
The orc wizard points at you and mumbles some strange words.
The magic dart hits you.
You are too injured to fight recklessly!
You are too injured to fight recklessly!
You scratch the orc wizard.
The orc wizard is almost dead.
The gnoll sergeant misses you. The orc wizard closely misses you.
You closely miss the orc wizard.
The orc wizard is almost dead.
The gnoll sergeant hits you from afar with a cursed +0 spear!
* * * LOW HITPOINT WARNING * * *
You barely miss the orc wizard.
The orc wizard is almost dead.
The orc wizard closely misses you.
The gnoll sergeant hits you from afar with a cursed +0 spear.
You die...

.###....#.....# ... ..#...
g.#.......##.#.. ....... ## .....
..#.......#..... .......##.##....
.g....#o...##.#..................
.o...##...........#........#.....
.o...##.........#................
.....##.##...................##..
#....##........o............###..
#...........#.#.@............###.
...o..........g..............##..
o......†....................##...
................)....#....÷÷.....
####.####.......).(.......#....[.
####+##.........).((#....##......
.......# ...........#...##.<.....
.......##..................#.....
.'.._.......[..........###..##...


You could see a gnoll sergeant and an orc wizard.

Vanquished Creatures
  An orc warrior (D:4)
  A bullfrog (D:5)
  2 howler monkeys
  A crimson imp (D:6)
  A bullfrog zombie (D:6)
  An orc priest (D:5)
  2 hounds
  3 iguanas
  2 orc wizards
  5 worker ants
  A hound skeleton (D:5)
  A worker ant zombie (D:6)
  Robin (D:1)
  4 gnolls
  9 adders
  A shadow imp (D:5)
  3 oozes
  2 worms (D:2)
  A dart slug (D:2)
  2 leopard geckos
  11 orcs
  A ball python (D:1)
  13 bats
  5 giant cockroaches
  17 goblins
  12 hobgoblins
  8 jackals
  A quokka (D:3)
  6 frilled lizards
  A goblin skeleton (D:6)
  A goblin zombie (D:6)
  A hobgoblin zombie (D:6)
  10 kobolds
  A kobold skeleton (D:6)
  2 orc zombies (D:6)
  10 rats
144 creatures vanquished.

Notes
Turn   | Place    | Note
-------+----------+-------------------------------------------
     0 | D:5      | Descartes the Felid Delver began the quest for the Orb.
     0 | D:5      | Reached XP level 1. HP: 10/10 MP: 2/2
    11 | D:5      | Reached skill level 7 in Stealth
    37 | D:5      | Noticed an iguana
    44 | D:5      | Killed an iguana
    44 | D:5      | Reached skill level 8 in Stealth
    44 | D:5      | Reached XP level 2. HP: 14/14 MP: 3/3
    44 | D:5      | Reached XP level 3. HP: 17/17 MP: 4/4
   399 | D:4      | Reached XP level 4. HP: 21/21 MP: 5/5
   600 | D:4      | Slain by an adder
   601 | D:4      | Reached XP level 3. HP: 0/17 MP: 4/4
   610 | D:4      | Reached skill level 9 in Stealth
  1241 | D:2      | Reached XP level 4. HP: 5/21 MP: 5/5
  2325 | D:1      | Reached skill level 10 in Stealth
  3003 | D:2      | Noticed Robin
  3032 | D:2      | Reached XP level 5. HP: 10/24 MP: 6/6
  4813 | D:4      | Gained mutation: You are covered in thick fur. (AC +2)
                  | [Felid growth]
  4813 | D:4      | Reached XP level 6. HP: 28/28 MP: 7/7
  5361 | D:5      | Found a sparkling altar of Nemelex Xobeh.
  5387 | D:5      | Noticed an orc warrior
  5692 | D:5      | HP: 1/28 [hound skeleton (1)]
  7036 | D:5      | Reached XP level 7. HP: 21/31 MP: 8/8
  8624 | D:1      | Killed Robin
  9320 | D:4      | Reached skill level 5 in Dodging
  9320 | D:4      | Reached skill level 5 in Unarmed Combat
  9699 | D:6      | Found a glowing golden altar of the Shining One.
 10305 | D:6      | Found a staircase to the Ecumenical Temple.
 10333 | Temple   | Entered the Ecumenical Temple
 10570 | D:6      | Mangled by an orc warrior
 10571 | D:6      | Reached XP level 6. HP: -9/28 MP: 7/7
 10620 | D:6      | Slain by a gnoll sergeant

Illustrated notes

Levels and vault maps discovered:
D:1:      erik_arrival_orb_chamber, layout_basic
D:2:      layout_basic, uniq_robin
D:3:      layout_loops_cross, minmay_misc_feat_square
D:4:      layout_loops_ring, chequers_garden, nicolae_underground_beach
D:5:      layout_basic, nemelex_diamond_rough_becter
D:6:      layout_layer_cave, nicolae_tso_besieged_by_evil,
          minmay_temple_entry_tees, kennysheep_small_circle
Temple:   regret_index_temple_chain_breaker

Skill      XL: |  1  2  3  4  5  6  7 |
---------------+----------------------+-----
Stealth        | 8 9 10 | 10.0
Dodging        | 3 4 6 |  6.1
Unarmed Combat | 3 4 6 |  6.3
Fighting       | |  3.0

Action                   |  1- 3 |  4- 6 |  7- 9 || total
-------------------------+-------+-------+-------++-------
Melee: Unarmed           |    63 |   255 |   109 ||   427
       Bite              |     6 |    20 |    12 ||    38
       Punch             |       |     2 |     4 ||     6
  Use: Scroll            |     2 |     2 |     1 ||     5
       Potion            |     1 |     1 |       ||     2
 Stab: Sleeping          |     7 |    46 |     2 ||    55
       Distracted        |       |     1 |     1 ||     2
Armor: Skin              |     1 |     8 |     2 ||    11
Dodge: Dodged            |    52 |   177 |    98 ||   327

Table legend: (Time is in decaauts)
 A = Elapsed time spent in this place.
 B = Non-inter-level travel time spent in this place.
 C = Inter-level travel time spent in this place.
 D = Time resting spent in this place.
 E = Time spent auto-exploring this place.
 F = Levels seen in this place.
 G = Mean time per level.
                   A        B        C        D        E       F      G
               +--------+--------+--------+--------+--------+-----+--------+
         Total |   9447 |   9035 |    412 |    846 |   7023 |   7 | 1349.6 |
       Dungeon |   9342 |   8943 |    399 |    846 |   6931 |   6 | 1557.0 |
        Temple |    105 |     92 |     13 |      0 |     92 |   1 |  105.0 |
               +--------+--------+--------+--------+--------+-----+--------+

Top non-repeatable levels by time:
     D:4: 3026 daAuts
     D:2: 2059 daAuts
     D:5: 1570 daAuts
     D:1: 1396 daAuts
     D:3: 1021 daAuts
     D:6: 267 daAuts
  Temple: 105 daAuts
